 Dungeon Crawl Stone Soup version 0.24-a0-203-gf0bc1e94ae (webtiles) character file.

Game seed: 8605378923668144869

119 Esekla the Slasher (level 4, -2/30 HPs)
             Began as a Vampire Skald on Mar 26, 2019.
             Was a Follower of Hepliaklqana.
             Slain by a mummy (13 damage)
             ... in an ossuary.
             The game lasted 00:28:06 (2992 turns).

Esekla the Slasher (Vampire Skald)                  Turns: 2992, Time: 00:28:06

Health: -2/30      AC:  3    Str: 10    XL:     4   Next: 74%
Magic:  3/7        EV: 12    Int: 15    God:    Hepliaklqana [*.....]
Gold:   149        SH:  0    Dex: 14    Spells: 2/7 levels left

rFire    . . .     SeeInvis +   a - +0 falchion
rCold    . . .     Gourm    .   (no shield)
rNeg     + . .     Faith    .   b - +0 leather armour
rPois    .         Spirit   .   (no helmet)
rElec    .         Reflect  .   (no cloak)
rCorr    .         Harm     .   (no gloves)
MR       .....                  (no boots)
Stlth    +.........             (no amulet)
HPRegen  0.10/turn              (no ring)
MPRegen  0.10/turn              (no ring)

@: marked, singing, hasted, very quick
A: reduced essence, fangs 3, see invisible, unbreathing
a: Bat Form, Recall Ancestor, Ancestor Identity, Renounce Religion


You were in an ossuary.
You worshipped Hepliaklqana.
Hepliaklqana was aware of your devotion.
You were not thirsty.

You visited 1 branch of the dungeon, and saw 4 of its levels.
You also visited: Ossuary.

You collected 149 gold pieces.

Inventory:

Hand Weapons
 a - a +0 falchion (weapon)
 f - a +0 dagger
Missiles
 i - 2 tomahawks of returning
 v - 10 tomahawks (quivered)
Armour
 b - a +0 leather armour (worn)
Scrolls
 c - a scroll of enchant weapon {unknown}
 e - a scroll of teleportation {unknown}
 n - a scroll of remove curse {unknown}
 o - a scroll of noise {unknown}
 s - 2 scrolls of magic mapping
 u - a scroll of blinking
Potions
 d - 8 potions of blood
 h - a potion of haste
 j - a potion of resistance
 l - a potion of mutation {unknown}
 m - a potion of brilliance {unknown}
 p - a potion of lignification {unknown}
 q - a potion of might {unknown}
 r - a potion of berserk rage {unknown}
 t - a potion of degeneration {unknown}
 w - a potion of cancellation {unknown}


   Skills:
 + Level 2.4 Fighting
 * Level 3.9 Long Blades
 + Level 1.5 Armour
 + Level 2.7 Dodging
 - Level 2.0 Spellcasting
 - Level 3.2 Charms


You had 2 spell levels left.
You knew the following spells:

 Your Spells              Type           Power        Failure   Level  Hunger
a - Infusion              Chrm           ##..         8%          1    #......
b - Shroud of Golubria    Chrm/Tloc      #.........   22%         2    ###....
c - Song of Slaying       Chrm           ##......     12%         2    ###....

Your spell library contained the following spells:

 Spells                   Type           Power        Failure   Level  Hunger
 Regeneration             Chrm/Necr      #.........   41%         3    ###....
 Spectral Weapon          Hex/Chrm       #.......     41%         3    ###....


Dungeon Overview and Level Annotations

Branches:
Dungeon (4/15)
 Temple: D:4-7

Altars:
Elyvilon
Fedhas
Hepliaklqana
Nemelex Xobeh
Qazlal
Xom
Zin
The Shining One

Shops:
D:4 !}

Portals:
Sewer: D:4


Innate Abilities, Weirdness & Mutations

You have razor-sharp teeth.
You have supernaturally acute eyesight. (SInv)
You can survive without breathing.
Your life essence is reduced to manifest your ancestor. (-10% HP)


Message History

Here: a big kobold zombie (moderately damaged)
The floor.
You hit the big kobold zombie.
The big kobold zombie is heavily damaged.
The big kobold zombie barely misses you.
You riposte.
You barely miss the big kobold zombie.
The big kobold zombie is heavily damaged.
You hit the big kobold zombie. You bite the big kobold zombie.
The big kobold zombie is severely damaged.
The big kobold zombie hits you.
You hit the big kobold zombie.
The big kobold zombie is severely damaged.
The big kobold zombie completely misses you.
You riposte.
You hit the big kobold zombie but do no damage.
The big kobold zombie is severely damaged.
You hit the big kobold zombie.
The big kobold zombie is almost destroyed.
The big kobold zombie misses you. The mummy hits you!
You die...

#..∩..#
#.....#
#..∩..#
#.....#
#.^..^#
##^....##
#....ZZ.#
##.^.MM##
#...ZZZ@#
##...MZ##
#.^...Z.
##...^.#
#.^.^...
##.....#
#....^..
##.....


You could see 3 mummies, 6 big kobold zombies and a centaur zombie.

Vanquished Creatures
  An orc priest (D:3)
  3 adders (D:2)
  A leopard gecko (D:2)
  7 orcs (D:3)
  5 bats
  8 giant cockroaches
  3 goblins
  8 hobgoblins
  3 quokkas
  3 frilled lizards
  6 kobolds
  4 rats
52 creatures vanquished.

Notes
Turn   | Place    | Note
-------+----------+-------------------------------------------
     0 | D:1      | Esekla the Vampire Skald began the quest for the Orb.
     0 | D:1      | Reached XP level 1. HP: 16/16 MP: 3/3
   190 | D:1      | You fall through a shaft!
   309 | D:2      | Found a blossoming altar of Fedhas.
   360 | D:2      | Reached XP level 2. HP: 22/22 MP: 0/5
   368 | D:2      | Learned a level 2 spell: Shroud of Golubria
   371 | D:2      | Learned a level 2 spell: Song of Slaying
   680 | D:1      | Reached skill level 1 in Armour
  1210 | D:2      | Reached XP level 3. HP: 12/27 MP: 3/6
  1536 | D:2      | Found a white marble altar of Elyvilon.
  1538 | D:2      | Found a glowing golden altar of the Shining One.
  1546 | D:2      | Found a glowing silver altar of Zin.
  1779 | D:2      | Reached XP level 4. HP: 26/33 MP: 7/7
  1858 | D:2      | Found a hazy altar of Hepliaklqana.
  1859 | D:2      | Found a shimmering altar of Xom.
  1859 | D:2      | Noticed a tyrant leech
  1860 | D:2      | Noticed a tyrant leech
  1860 | D:2      | Noticed a spectral ugly thing
  2194 | D:3      | Found a stormy altar of Qazlal.
  2319 | D:3      | Found a sparkling altar of Nemelex Xobeh.
  2441 | D:3      | Found a faded altar of an unknown god.
  2447 | D:3      | Became a worshipper of Hepliaklqana the Forgotten
  2447 | D:3      | Reached * piety under Hepliaklqana
  2921 | D:4      | Found Atussip's Gadget Boutique.
  2921 | D:4      | Noticed a big kobold
  2924 | D:4      | Found Dozula's Distillery.
  2927 | D:4      | Noticed an ogre
  2947 | D:4      | Found a glowing drain.
  2955 | D:4      | Found a sand-covered staircase.
  2962 | Ossuary  | Entered an ossuary
  2992 | Ossuary  | Slain by a mummy

Levels and vault maps discovered:
D:1:      elethiomel_arrival_shortcut, layout_basic, minmay_ruptured
D:2:      layout_basic, good_gods_mini_temple, regret_index_temple_of_mockery,
          fedhas_ov_isle_minmay
D:3:      layout_loops_ring, nicolae_qazlal_general_emergency,
          old_standard_altar, chequers_ecumenical_altar_lobes
D:4:      layout_basic, serial_shops, shop, nicolae_shop_crystal, shop,
          enter_ossuary_4, portal_sewer_entry_a, st_stairs_1
Ossuary:  ossuary_the_hunt_dpeg

Skill      XL: |  1  2  3 |
---------------+----------+-----
Fighting       | 2 |  2.4
Armour         | 1 |  1.5
Long Blades    | 3 |  3.9
Dodging        | |  2.7
Spellcasting   | |  2.0
Charms         | |  3.2

Action                   |  1- 3 |  4- 6 || total
-------------------------+-------+-------++-------
Melee: Falchion          |   101 |    67 ||   168
       Bite              |    10 |     6 ||    16
 Cast: Infusion          |     7 |     6 ||    13
       Shroud of Golubri |     4 |       ||     4
       Song of Slaying   |     2 |     3 ||     5
 Abil: End Transformatio |     1 |     1 ||     2
       Bat Form          |     1 |     1 ||     2
  Use: Potion            |     3 |     6 ||     9
       Scroll            |     2 |     4 ||     6
 Stab: Sleeping          |     1 |     1 ||     2
Armor: Leather armour    |    26 |    19 ||    45
Dodge: Dodged            |    57 |    48 ||   105
       Rpst.: Falchion   |    21 |    20 ||    41

Table legend:
 A = Non-vault XP
 B = Vault XP
 C = Vault XP percentage of total XP
 D = Non-vault monster count
 E = Vault monster count
 F = Vault count percentage of total count
                 A         B        C        D         E       F
            +---------+---------+-------+---------+---------+-------
      Total |     168 |       3 |   1.8 |      50 |       2 |   3.8
            +---------+---------+-------+---------+---------+-------
        D:1 |      15 |       3 |  16.7 |      10 |       2 |  16.7
        D:2 |      67 |       0 |   0.0 |      18 |       0 |   0.0
        D:3 |      86 |       0 |   0.0 |      22 |       0 |   0.0
            +---------+---------+-------+---------+---------+-------
